 Seeded DCSS version 0.29.1-1-gd02db6906a (webtiles) character file.

Game seed: 1 (custom seed)

394 Kazon the Slasher (level 6, 0/51 HPs)
             Began as a Barachi Berserker on Oct 11, 2022.
             Was a Believer of Trog.
             Succumbed to a scorpion's poison
             ... on level 4 of the Dungeon on Oct 13, 2022.
             The game lasted 00:13:41 (2256 turns).

Kazon the Slasher (Barachi Berserker)               Turns: 2256, Time: 00:13:42

Health: 0/51       AC:  6    Str: 21    XL:     6   Next: 81%
Magic:  6/6        EV: 12    Int:  7    God:    Trog [**....]
Gold:   122        SH:  0    Dex: 11    Spells: 5/5 levels left

rFire   + . .      SeeInvis .   e - +2 dagger (venom)
rCold   . . .      Faith    .   (no shield)
rNeg    . . .      Spirit   .   b - +0 animal skin
rPois   .          Reflect  .   h - +0 helmet
rElec   .          Harm     .   (no cloak)
rCorr   .          Rampage  .   (no gloves)
Will    .....                   j - +2 pair of boots
Stlth   +.........              c - amulet "Tosoeh" {rF+ Regen+}
HPRegen 0.97/turn               (no ring)
MPRegen 0.10/turn               (no ring)

@: lethally poisoned (0 -> -11), hasted, quick
A: amphibious, slowness 1, strong legs 1, +LOS
a: Hop, Renounce Religion, Berserk, Trog's Hand


You were on level 4 of the Dungeon.
You worshipped Trog.
Trog was pleased with you.
You visited 1 branch of the dungeon, and saw 4 of its levels.

You collected 306 gold pieces.
You spent 184 gold pieces at shops.

Inventory:

Hand Weapons
 e - a +2 dagger of venom (weapon)
 s - the +3 falchion of Winter {venom, rCorr}
   (You bought it in a shop on level 3 of the Dungeon)

   It poisons the flesh of those it strikes.
   rCorr:     It protects you from acid and corrosion.
 w - a +1 sling of flaming
Missiles
 g - 24 stones (quivered)
 m - 5 boomerangs
 o - a throwing net
Armour
 b - a +0 animal skin (worn)
 h - a +0 helmet (worn)
 j - a +2 pair of boots (worn)
Jewellery
 c - the amulet "Tosoeh" (around neck) {rF+ Regen+}
   (You acquired it on level 1 of the Dungeon)

   [amulet of regeneration]

   rF:        It protects you from fire.
   Regen:     It increases your rate of health regeneration.
 q - a ring of positive energy
Scrolls
 k - a scroll of immolation {unknown}
 n - 8 scrolls of identify {unknown}
 p - a scroll of fog {unknown}
 t - a scroll of teleportation {unknown}
 u - a scroll of magic mapping {unknown}
 v - a scroll of noise {unknown}
Potions
 d - a potion of haste
 f - a potion of attraction {unknown}
 i - a potion of berserk rage
 l - a potion of flight {unknown}
 r - a potion of experience {unknown}


   Skills:
 * Level 5.2 Fighting
 + Level 0.9(3.4) Short Blades
 + Level 5.9(6.0) Long Blades
 + Level 1.2 Ranged Weapons
 * Level 2.2 Throwing
 + Level 2.6 Armour
 + Level 3.5 Dodging
 + Level 1.0 Stealth


You had 5 spell levels left.
You didn't know any spells.
Your spell library was empty.

Dungeon Overview and Level Annotations

Branches:
Dungeon (4/15)
 Temple: D:4-7

Altars:

Shops:
D:3 (


Innate Abilities, Weirdness & Mutations

You are amphibious.
You cover ground slowly.
You can hop short distances.
You have an extended range of vision and can be seen from far away.


Message History

The adder is almost dead.
You feel sick. The adder misses you. x2
You hit the adder.
You kill the adder!
Trog accepts your kill.
You feel sick.
You barely miss the scorpion.
You feel sick. The scorpion barely misses you.
You barely miss the scorpion.
You feel sick. The scorpion stings you.
You are more poisoned.
The scorpion poisons you!
You barely miss the scorpion.
You feel very sick.
The scorpion stings you but does no damage.
You hit the scorpion but do no damage.
The scorpion is poisoned.
You feel very sick. The scorpion stings you.
You are more poisoned.
The scorpion poisons you!
You closely miss the scorpion.
You feel very sick. The scorpion barely misses you.
You hit the scorpion but do no damage.
The scorpion is lightly wounded.
You feel very sick.
The scorpion stings you but does no damage.
You hit the scorpion.
The scorpion is moderately wounded.
You feel sick. The scorpion stings you.
* * * LOW HITPOINT WARNING * * *
You are lethally poisoned!
The scorpion poisons you!
You hit the scorpion but do no damage.
The scorpion looks as sick as possible!
The scorpion is moderately wounded.
* * * LOW HITPOINT WARNING * * *
You feel very sick.
You kill the scorpion!
Trog accepts your kill.
Your Ranged Weapons skill increases to level 1!
It was a potion of haste.
You feel yourself speed up.
You die...

#......#
###.#######
#.#:?#..#
#.#?...##
#.##....#
#†.#.#.##
#.####..#
#..#.##'#
#....@..#
#########


There were no monsters in sight!

Vanquished Creatures
  3 scorpions (D:4)
  An orc priest (D:3)
  An iguana (D:4)
  Robin (D:3)
  3 gnolls (D:2)
  5 adders
  2 worms
  5 orcs
  11 endoplasms
  A giant cockroach (D:1)
  14 goblins
  8 hobgoblins
  A jackal (D:4)
  4 kobolds
  A quokka (D:1)
  4 ball pythons
  4 bats
  3 frilled lizards
  5 rats
77 creatures vanquished.

Notes
Turn   | Place    | Note
-------+----------+-------------------------------------------
     0 | D:1      | Kazon the Barachi Berserker began the quest for the Orb.
     0 | D:1      | Reached XP level 1. HP: 18/18 MP: 1/1
    33 | D:1      | Identified a scroll of acquirement
    33 | D:1      | Acquired the amulet "Tosoeh" {rF+ Regen+}
   196 | D:1      | Reached XP level 2. HP: 22/25 MP: 2/2
   707 | D:2      | Reached XP level 3. HP: 24/30 MP: 3/3
  1082 | D:2      | Reached ** piety under Trog
  1083 | D:2      | Reached skill level 1 in Throwing
  1083 | D:2      | Reached XP level 4. HP: 37/37 MP: 4/4
  1241 | D:3      | Found Umat's Antique Weapon Boutique.
  1268 | D:3      | Bought a crude falchion for 184 gold pieces
  1268 | D:3      | Identified the +3 falchion of Winter {venom, rCorr} (You
                  | bought it in a shop on level 3 of the Dungeon)
  1450 | D:3      | Reached skill level 5 in Long Blades
  1450 | D:3      | Reached XP level 5. HP: 18/43 MP: 5/5
  1549 | D:3      | Noticed Robin
  1561 | D:3      | Killed Robin
  1849 | D:4      | Reached skill level 1 in Stealth
  1849 | D:4      | Reached XP level 6. HP: 49/50 MP: 6/6
  1938 | D:4      | Reached skill level 5 in Fighting
  2256 | D:4      | Reached skill level 1 in Ranged Weapons
  2256 | D:4      | Succumbed to a scorpion's poison

Illustrated notes

Levels and vault maps discovered:
D:1:      dpeg_arrival_three_smaller_balls, layout_basic
D:2:      layout_loops_ring
D:3:      layout_basic, serial_shops, nicolae_shop_stone, st_stairs_9,
          minmay_misc_feat_doors, eino_curves_03, uniq_robin
D:4:      minmay_wonky_spiral, layout_basic,
          mainiacjoe_overflow_surrounded_room, minivault_5

Skill      XL: |  1  2  3  4  5  6 |
---------------+-------------------+-----
Fighting       | 4 5 |  5.2
Long Blades    | 4 5 |  5.9
Throwing       | 1 2 |  2.2
Dodging        | 3 |  3.5
Stealth        | 1 |  1.0
Ranged Weapons | 1 |  1.2
Short Blades   | |  0.9
Armour         | |  2.6

Action                   |  1- 3 |  4- 6 || total
-------------------------+-------+-------++-------
Melee: Falchion          |    73 |    62 ||   135
       Punch             |     1 |     1 ||     2
       Dagger            |    29 |    48 ||    77
 Fire: Sling             |       |    20 ||    20
Throw: Stone             |     5 |    12 ||    17
Invok: Berserk           |       |     1 ||     1
       Trog's Hand       |       |     1 ||     1
  Use: Scroll            |     1 |       ||     1
       Potion            |       |     1 ||     1
 Stab: Sleeping          |     1 |     1 ||     2
Armor: Animal skin       |    21 |    31 ||    52
Dodge: Dodged            |    69 |    68 ||   137
